Map: Dusk Towers

Players

JackO

  • Race: Protoss Protoss
  • League: Master

Miszu - Winner!

  • Race: Terran Terran
  • League: Grandmaster

VOD

Have the link to the VOD?

Description

Time

  • Played on: May 20, 2016, 3:19 p.m.
  • Length: 11:04
Show
View Real Time Build Order
Export as new Build Order

JackO Protoss 

Build Orders: 1 Gate Expand, Blink Stalkers, Colossus Rush 

Get SALT Encoding   

  12  0:00  Probe (Chrono Boost)  
  13  0:11  Probe (Chrono Boost)  
  14  0:18  Pylon  
  14  0:22  Probe (Chrono Boost)  
  15  0:36  Probe (Chrono Boost)  
  15  0:37  Gateway  
  16  0:47  Probe (Chrono Boost)  
  16  0:48  Assimilator  
  17  0:57  Probe (Chrono Boost)  
  18  1:08  Probe (Chrono Boost)  
  19  1:19  Nexus  
  19  1:32  Cybernetics Core  
  19  1:33  Probe (Chrono Boost)  
  20  1:44  Probe (Chrono Boost)  
  21  1:47  Assimilator  
  21  1:51  Pylon  
  21  1:56  Probe (Chrono Boost)  
  21  2:09  Mothership Core (Chrono Boost)  
  21  2:11  Stalker (Chrono Boost)  
  25  2:22  Warp Gate  
  25  2:30  Probe (Chrono Boost)  
  25  2:31  Probe (Chrono Boost)  
  27  2:41  Probe (Chrono Boost)  
  27  2:42  Probe (Chrono Boost)  
  29  2:52  Probe (Chrono Boost)  
  29  2:55  Probe (Chrono Boost)  
  31  3:02  Twilight Council, Probe (Chrono Boost)  
  31  3:03  Stalker  
  34  3:06  Probe (Chrono Boost)  
  35  3:13  Probe (Chrono Boost)  
  35  3:14  Robotics Facility  
  35  3:16  Probe (Chrono Boost)  
  37  3:23  Probe (Chrono Boost)  
  39  3:27  Probe (Chrono Boost)  
  39  3:35  Probe (Chrono Boost)  
  39  3:37  Probe (Chrono Boost)  
  39  3:39  Blink  
  41  3:42  Gateway  
  41  3:43  Gateway  
  41  3:46  Probe (Chrono Boost)  
  42  3:50  Probe (Chrono Boost)  
  43  3:57  Pylon, Probe (Chrono Boost)  
  43  3:59  Probe (Chrono Boost)  
  43  4:01  Observer (Chrono Boost)  
  46  4:05  Pylon  
  46  4:14  Probe  
  46  4:15  Probe  
  46  4:16  Assimilator  
  48  4:17  Assimilator  
  48  4:24  Probe  
  48  4:27  Observer (Chrono Boost), Probe  
  48  4:31  Stalker  
  53  4:35  Probe  
  54  4:38  Stalker x2  
  54  4:39  Probe  
  54  4:45  Probe  
  59  4:50  Nexus  
  59  4:51  Observer (Chrono Boost), Probe  
  62  4:55  Pylon  
  62  5:02  Pylon  
  62  5:07  Robotics Bay  
  62  5:11  Probe  
  62  5:13  Probe  
  64  5:14  Stalker x2  
  64  5:17  Stalker  
  70  5:22  Probe  
  70  5:25  Probe  
  70  5:27  Observer (Chrono Boost)  
  73  5:32  Probe  
  74  5:37  Forge, Probe  
  74  5:42  Pylon  
  75  5:43  Probe  
  75  5:49  Probe  
  77  5:54  Colossus (Chrono Boost), Probe  
  77  5:56  Pylon  
  78  6:00  Extended Thermal Lance (Chrono Boost)  
  84  6:07  Gateway x2  
  84  6:11  Gateway  
  84  6:15  Protoss Ground Weapons Level 1 (Chrono Boost)  
  84  6:27  Adept x2  
  84  6:28  Adept, Pylon  
  84  6:30  Pylon  
  88  6:39  Colossus, Resonating Glaives  
  88  6:40  Probe  
  88  6:41  Probe  
  88  6:42  Probe  
  97  6:51  Probe  
  97  6:53  Probe  
  97  6:54  Pylon  
  99  7:01  Adept, Pylon, Stalker x2  
  105  7:15  Pylon  
  105  7:18  Pylon  
  105  7:20  Adept x3  
  111  7:27  Probe x2  
  111  7:28  Colossus  
  111  7:29  Pylon  
  113  7:30  Assimilator  
  113  7:34  Pylon, Assimilator  
  119  7:37  Probe  
  119  7:39  Probe  
  119  7:40  Adept x2  
  119  7:41  Adept x2  
  127  7:51  Photon Cannon  
  127  7:52  Probe  
  128  8:02  Probe, Photon Cannon  
  128  8:03  Probe  
  128  8:04  Pylon, Protoss Ground Armor Level 1 (Chrono Boost)  
  130  8:07  Probe  
  130  8:08  Adept x2  
  130  8:09  Adept, Sentry x3  
  143  8:22  Photon Cannon  
  143  8:26  Pylon  
  143  8:27  Pylon  
  143  8:29  Warp Prism  
  143  8:30  Stargate  
  143  8:35  Adept x4  
  143  8:36  Adept x2  
  157  8:50  Nexus  
  157  8:53  Pylon  
  157  8:58  Forge  
  157  9:04  Photon Cannon  
  157  9:07  Photon Cannon  
  157  9:08  Pylon  
  157  9:12  Adept x3, Stalker  
  157  9:13  Stalker x2  
  157  9:16  Oracle  
  172  9:30  Gateway  
  172  9:31  Gateway  
  172  9:37  Adept x3  
  172  9:38  Stalker x2  
  182  9:48  Immortal  
  184  10:03  Phoenix  
  183  10:10  Fleet Beacon  
  183  10:12  Stargate  
  181  10:38  Assimilator  
  167  10:43  Assimilator  
  167  10:49  Stalker  
  149  10:50  Stalker x3  
  149  10:56  Adept x3  
  149  10:57  Adept  
Show
View Real Time Build Order
Export as new Build Order

Miszu Terran - Winner!

Build Orders: Reaper Expand, MMM Bio 

Get SALT Encoding   

  12  0:00  SCV  
  13  0:13  SCV  
  14  0:17  Supply Depot  
  14  0:25  SCV  
  15  0:39  SCV  
  15  0:40  Barracks  
  16  0:45  Refinery  
  16  0:51  SCV  
  17  1:03  SCV  
  18  1:16  SCV  
  19  1:28  Orbital Command  
  19  1:29  Reaper  
  20  1:41  Command Center  
  20  1:55  SCV  
  21  2:06  Barracks Reactor  
  21  2:07  SCV  
  22  2:12  Barracks  
  22  2:13  Engineering Bay  
  22  2:18  Supply Depot  
  22  2:19  SCV  
  23  2:40  SCV  
  24  2:49  Marine x2  
  26  2:57  SCV  
  26  2:58  Terran Infantry Weapons Level 1  
  27  3:02  Barracks Tech Lab  
  27  3:03  Orbital Command  
  27  3:07  Marine x2  
  27  3:08  Supply Depot  
  27  3:09  SCV  
  30  3:18  Refinery, Orbital Command  
  30  3:20  Marine  
  30  3:21  SCV, Stimpack  
  30  3:24  Marine  
  30  3:25  Marine  
  34  3:33  SCV  
  35  3:38  Marine  
  35  3:42  Marine x2  
  35  3:45  SCV x2  
  35  3:47  Factory  
  39  3:56  Marine  
  39  3:58  SCV x2  
  39  4:00  Marine  
  39  4:01  Supply Depot  
  43  4:05  Refinery  
  43  4:06  Marine  
  44  4:10  SCV x2  
  44  4:14  Marauder  
  48  4:20  Marine  
  48  4:22  SCV x2  
  48  4:23  Supply Depot  
  51  4:28  Marine  
  52  4:31  Starport  
  52  4:32  Factory Reactor  
  52  4:34  SCV x2  
  52  4:37  Marauder  
  56  4:38  Marine  
  57  4:46  Supply Depot, Barracks, SCV  
  57  4:50  Missile Turret  
  57  4:52  Missile Turret  
  58  4:53  Marine  
  58  4:55  SCV  
  58  4:58  Marauder  
  58  4:59  Terran Infantry Armor Level 1  
  62  5:00  SCV  
  63  5:08  Supply Depot  
  63  5:12  SCV  
  64  5:14  Marine x2  
  64  5:15  Factory Reactor  
  64  5:19  Medivac x2  
  70  5:22  SCV  
  70  5:24  SCV  
  72  5:30  Marauder  
  72  5:31  Supply Depot  
  72  5:33  Marine  
  72  5:34  Marine  
  76  5:39  Refinery  
  76  5:46  Command Center  
  76  5:50  SCV  
  76  5:51  SCV  
  76  5:53  Supply Depot  
  78  5:58  Marine  
  78  5:59  Barracks Tech Lab, Marauder, Widow Mine x2  
  85  6:05  Medivac  
  85  6:06  Medivac  
  89  6:12  Supply Depot  
  89  6:13  SCV x2  
  89  6:15  Supply Depot  
  89  6:17  Marine x2  
  93  6:25  SCV  
  90  6:39  Marauder  
  86  6:41  Marine x2  
  86  6:43  Marauder, Widow Mine x2  
  94  6:50  SCV x2  
  96  6:54  Barracks  
  96  6:55  Barracks  
  96  6:56  Supply Depot  
  96  6:57  Combat Shields, Armory  
  96  6:58  Concussive Shells  
  96  6:59  Marine x2  
  96  7:00  Marauder  
  100  7:02  Orbital Command  
  100  7:05  SCV  
  100  7:06  Liberator x2, SCV  
  102  7:18  SCV  
  102  7:20  Marine, Marauder  
  112  7:30  Starport  
  112  7:31  Fusion Core  
  112  7:33  SCV  
  113  7:37  Refinery  
  113  7:46  Marauder  
  113  7:47  Barracks Reactor, Barracks Tech Lab  
  113  7:50  SCV  
  113  7:51  Refinery  
  116  7:52  Supply Depot x2  
  116  7:53  Terran Infantry Weapons Level 2  
  116  7:54  SCV  
  117  8:01  Marine x2, Marauder  
  117  8:02  SCV  
  117  8:03  SCV  
  123  8:06  SCV  
  123  8:08  Starport Tech Lab  
  124  8:13  Liberator x2  
  124  8:14  SCV  
  124  8:15  SCV  
  126  8:21  Command Center  
  126  8:23  SCV  
  126  8:24  Liberator  
  127  8:31  Advanced Ballistics  
  127  8:33  SCV  
  134  8:34  SCV  
  134  8:35  SCV  
  134  8:37  Supply Depot  
  134  8:40  Supply Depot  
  138  8:55  Liberator  
  138  8:59  Barracks  
  138  9:00  Barracks  
  138  9:01  Barracks  
  138  9:02  Supply Depot, Marauder  
  140  9:03  Marauder  
  140  9:04  Supply Depot, Marine, Marauder  
  140  9:06  Marine, Liberator  
  140  9:07  Liberator  
  149  9:17  Marine  
  155  9:24  Marauder  
  155  9:28  Supply Depot  
  155  9:38  Liberator  
  155  9:43  Orbital Command  
  155  9:48  Liberator  
  155  9:49  Marine x4, Marauder x2  
  155  9:50  Marine x4, Liberator  
  173  10:07  Marine x3  
  173  10:08  Marauder  
  173  10:09  Marine x4  
  173  10:11  Marauder x2  
  181  10:24  Orbital Command  
  181  10:25  Marine x2  
  181  10:26  Ghost Academy  
  183  10:31  Engineering Bay  
  183  10:32  Barracks Reactor, Barracks Tech Lab x2  
Tags
 
Add a new tag
Caveats
  • Supply blocks, unpowered buildings, or Contaminate may cause inaccurate times.
  • Supply counts are checked every 10 seconds.